 Dungeon Crawl Stone Soup version 0.32-a0-933-ga8fa3634e4 (webtiles) character file.

Game seed: 6504126246133499496

1754 horus123 the Destroyer (level 8, -8/43 HPs)
             Began as a Deep Elf Earth Elementalist on Apr 15, 2024.
             Was a Believer of Beogh.
             Mangled by a sixfirhy (9 damage)
             ... on level 7 of the Dungeon.
             The game lasted 00:10:38 (5648 turns).

horus123 the Destroyer (DEEE)                       Turns: 5648, Time: 00:10:40

Health: -8/43      AC:  6    Str:  5    XL:     8   Next: 78%
Magic:  11/17      EV: 11    Int: 23    God:    Beogh [**....]
Gold:   332        SH:  0    Dex: 15    Spells: 3/17 levels left

rFire   . . .        c - +2 dagger (speed)
rCold   . . .        (no shield)
rNeg    . . .        a - +0 robe
rPois   .            w - +0 helmet
rElec   .            (no cloak)
rCorr   .            k - +0 pair of gloves
SInv    +            o - +1 pair of boots
Will    .....        (no amulet)
Stlth   ++           j - ring of flight
HPRegen 0.27/turn    A - ring of see invisible
MPRegen 0.15/turn

%: no passive effects
@: flying
A: no striking features
a: Renounce Religion, Smiting


You were on level 7 of the Dungeon.
You worshipped Beogh.
Beogh was pleased with you.
You visited 1 branch of the dungeon, and saw 7 of its levels.

You collected 332 gold pieces.

Inventory:

Hand Weapons
 c - a +2 dagger of speed (weapon)
 f - a +2 vampiric dagger
Missiles
 B - a throwing net
Armour
 a - a +0 robe (worn)
 k - a +0 pair of gloves (worn)
 o - a +1 pair of boots (worn)
 v - a +0 ring mail
 w - a +0 helmet (worn)
Magical Staves
 z - a staff of alchemy
Jewellery
 j - a ring of flight (left hand)
 A - a ring of see invisible (right hand)
Wands
 r - a wand of charming (19)
 y - a wand of flame (41)
Scrolls
 e - 3 scrolls of revelation
 g - a scroll of fear {unknown}
 h - 3 scrolls of teleportation
 m - a scroll of noise {unknown}
 n - a scroll of amnesia {unknown}
 q - a scroll of immolation {unknown}
 C - 2 scrolls of identify
 D - 2 scrolls of poison {unknown}
Potions
 b - a potion of magic
 d - a potion of berserk rage {unknown}
 i - 5 potions of curing
 l - a potion of cancellation {unknown}
 p - 3 potions of attraction {unknown}
 s - a potion of lignification {unknown}
 t - 2 potions of degeneration {unknown}
 u - 3 potions of mutation
 x - 3 potions of haste {unknown}


   Skills:
 + Level 1.1 Fighting
 - Level 2.4 Dodging
 - Level 2.4 Stealth
 - Level 5.0 Spellcasting
 - Level 8.0 Conjurations
 - Level 6.0 Ice Magic
 - Level 7.0 Earth Magic


You had 3 spell levels left.
You knew the following spells:

 Your Spells              Type           Power      Damage    Failure   Level
a - Sandblast             Erth           74%        2d16      1%          1
b - Stone Arrow           Conj/Erth      80%        3d12      1%          3
c - Hailstorm             Conj/Ice       37%        3d9       1%          3
d - Frozen Ramparts       Ice            66%        1d10      2%          3
e - Brom's Barrelling Bo  Conj/Erth      40%        2d6       4%          4

Your spell library contained the following spells:

 Spells                   Type           Power      Damage    Failure   Level
 Freeze                   Ice            100%       1d10      1%          1
 Sting                    Conj/Alch      96%        1d9       1%          1
 Passwall                 Erth           37%        N/A       1%          3
 Ozocubu's Armour         Ice            33%        N/A       2%          3
 Apportation              Tloc           10%        N/A       10%         1
 Necrotise                Necr           20%        1d5       10%         1
 Summon Small Mammal      Summ           20%        N/A       10%         1
 Petrify                  Alch/Erth      21%        N/A       22%         4
 Metabolic Englaciation   Hex/Ice        9%         N/A       58%         5


Dungeon Overview and Level Annotations

Branches:
Dungeon (7/15)             Temple (0/1) D:7

Altars:
Dithmenos
Kikubaaqudgha
Vehumet

Shops:
D:7 *

Annotations:
D:4 3 runed translucent doors, bananaken's ghost, amateur TrMo


Message History

Your Fighting skill increases to level 1!
You see here a +0 shortbow.
There is a radiant altar of Vehumet here.
There is an open door here.
There is an open door here.
You reach down and open the door.
There is an open door here.
Okay, then.
Hit: c) +2 dagger (speed)
Press: ? - help, Dir - move target, f - sixfirhy
Aim: a sixfirhy (fire blocked by a runed translucent door, about 66% to evade your +2 dagger of speed)
You can't get through.
Okay, then.
You reach down and open the door.
Unknown command.
Casting: Sandblast (safe; 1% risk of failure)
Confirm with . or Enter, or press ? or * to list all spells.
Aiming: Stone Arrow (safe; 1% risk of failure)
Press: ? - help, Shift-Dir - straight line, f - sixfirhy
Aim: a sixfirhy (46% to hit)
The stone arrow hits the sixfirhy!!
The sixfirhy is severely wounded.
Casting: Stone Arrow (safe; 1% risk of failure)
Confirm with . or Enter, or press ? or * to list all spells.
Aiming: Stone Arrow (safe; 1% risk of failure)
Press: ? - help, Shift-Dir - straight line, f/p - sixfirhy
Aim: a sixfirhy (heavily wounded, 46% to hit)
The stone arrow hits the sixfirhy!
The sixfirhy is almost dead.
The sixfirhy closely misses you. The sixfirhy hits you.
The sixfirhy shocks you! The sixfirhy hits you! The sixfirhy shocks you!
* * * LOW HITPOINT WARNING * * *
Unknown command.
You hit the sixfirhy.
The sixfirhy is almost dead.
The sixfirhy hits you but does no damage.
The sixfirhy hits you.
* * * LOW HITPOINT WARNING * * *
The sixfirhy shocks you!
You die...

###.### #.######.## #. #.# #.#
##...###########. #.# #.#
##.............##. #.# #.#
#.........#.##.##.
#.#####.###.##.#<##...##.##.
#..............#.###........
#####.########.#.# #####.###
#.#.....##.#.# #.#
#.#.###@##.#.#######.#
#...#)3.##.#.........#
###.###.##.###########
#.....##.# ########.# #####
####.##### #.... #........#
#.##. #############.#...##.#
#.##.
#..................#.#####.##.


You could see a sixfirhy.

Vanquished Creatures
  Grinder (D:6)
  Eustachio (D:6)
  A water moccasin (D:7)
  A black bear (D:7)
  2 ice beasts (D:5)
  A centaur (D:7)
  A phantom (D:5)
  A kobold brigand (D:7)
  3 bullfrogs
  2 scorpions
  2 hounds
  2 bombardier beetles
  3 jellies (D:5)
  3 iguanas
  2 orc wizards (D:7)
  4 gnolls (D:4)
  3 adders
  4 ufetubi
  3 ribbon worms
  3 dart slugs
  6 orcs
  5 endoplasms
  2 giant cockroaches
  7 goblins
  11 hobgoblins
  4 quokkas
  4 ball pythons
  8 bats
  3 frilled lizards
  19 kobolds
  2 rats (D:3)
114 creatures vanquished.

Vanquished Creatures (others)
  A white imp (D:6)
  An orc (D:7)
2 creatures vanquished.

Grand Total: 116 creatures vanquished

Notes
Turn   | Place    | Note
-------+----------+-------------------------------------------
     0 | D:1      | horus123 the Deep Elf Earth Elementalist began the quest
                  | for the Orb.
     0 | D:1      | Reached XP level 1. HP: 10/10 MP: 6/6
   204 | D:1      | Reached XP level 2. HP: 15/15 MP: 7/9
   502 | D:1      | You fall into a shaft and drop 1 floor!
   682 | D:2      | Reached XP level 3. HP: 19/19 MP: 8/11
   746 | D:2      | Reached skill level 5 in Spellcasting
   750 | D:2      | Learned a level 3 spell: Stone Arrow
  1426 | D:3      | Became a worshipper of Beogh the Shepherd
  1624 | D:3      | Reached XP level 4. HP: 24/24 MP: 9/13
  1783 | D:3      | Found an ancient bone altar of Kikubaaqudgha.
  2086 | D:4      | Reached skill level 5 in Earth Magic
  2146 | D:4      | Found a runed translucent gate.
  2146 | D:4      | Found a runed translucent gate.
  2149 | D:4      | Found a runed translucent gate.
  2150 | D:4      | Noticed bananaken's ghost (amateur TrMo)
  2217 | D:4      | Learned a level 3 spell: Hailstorm
  2221 | D:4      | Learned a level 3 spell: Frozen Ramparts
  2290 | D:4      | Reached * piety under Beogh
  2295 | D:4      | Reached XP level 5. HP: 28/28 MP: 9/14
  2774 | D:5      | Entered Level 5 of the Dungeon
  2838 | D:5      | Learned a level 4 spell: Brom's Barrelling Boulder
  3033 | D:5      | Reached XP level 6. HP: 32/32 MP: 10/15
  3090 | D:5      | Noticed an ice beast
  3096 | D:5      | Killed an ice beast
  3097 | D:5      | Reached skill level 2 in Conjurations
  3129 | D:5      | Reached skill level 3 in Conjurations
  3418 | D:5      | Reached skill level 4 in Conjurations
  3418 | D:5      | Reached XP level 7. HP: 36/36 MP: 13/16
  3677 | D:5      | Reached skill level 5 in Conjurations
  3930 | D:6      | Noticed Eustachio
  3937 | D:6      | Killed Eustachio
  3938 | D:6      | Reached skill level 6 in Conjurations
  3996 | D:6      | Noticed Grinder
  4002 | D:6      | Killed Grinder
  4003 | D:6      | Reached skill level 7 in Conjurations
  4003 | D:6      | Reached XP level 8. HP: 38/41 MP: 12/17
  4206 | D:6      | Found a shadowy altar of Dithmenos.
  4226 | D:6      | Noticed Blork the orc
  4226 | D:6      | Pacified Blork the orc
  4564 | D:7      | Reached ** piety under Beogh
  4565 | D:7      | Reached skill level 8 in Conjurations
  4565 | D:7      | Reached skill level 1 in Ice Magic
  4622 | D:7      | Found a radiant altar of Vehumet.
  4749 | D:7      | Found a staircase to the Ecumenical Temple.
  4839 | D:7      | Found Feesoali's Assorted Antiques.
  4999 | D:7      | Reached skill level 5 in Ice Magic
  5351 | D:7      | Found a runed translucent door.
  5351 | D:7      | Noticed a sixfirhy
  5442 | D:7      | Reached skill level 1 in Fighting
  5648 | D:7      | HP: 1/43 [sixfirhy (3)]
  5648 | D:7      | Mangled by a sixfirhy

Illustrated notes

Levels and vault maps discovered:
D:1:      dpeg_arrival_rooms_a, layout_rooms, ebering_ecumenical_altar_webs,
          serial_bayou_pond_e, minmay_misc_feat_doors,
          dreamdust_mushroom_princess
D:2:      layout_loops_ring, nrook_campfire, hangedman_abyss_or_decor_stabs
D:3:      layout_rooms, mainiacjoe_overflow_24_doors
D:4:      corexii_shack_village, layout_basic, ebering_ghost_rock_garden
D:5:      layout_layer_cave, serial_park_tiny_pond
D:6:      layout_basic, grunt_dithmenos_smoke_and_mirrors, uniq_grinder,
          uniq_eustachio, uniq_blork_the_orc
D:7:      cheibrodos_shockbox, layout_loops_corners,
          mainiacjoe_overflow_catwalk, minmay_temple_entry_purple_smoke,
          serial_shops, shop, minmay_diced_spiral

Skill      XL: |  1  2  3  4  5  6  7  8 |
---------------+-------------------------+-----
Spellcasting   | 4 5 |  5.0
Earth Magic    | 4 5 6 7 |  7.0
Conjurations   | 4 7 8 |  8.0
Ice Magic      | 6 |  6.0
Fighting       | 1 |  1.1
Dodging        | |  2.4
Stealth        | |  2.4

Action                     |  1- 3 |  4- 6 |  7- 9 || total
---------------------------+-------+-------+-------++-------
  Melee: Dagger            |       |       |     1 ||     1
   Cast: Sandblast         |    67 |    55 |    68 ||   190
         Stone Arrow       |       |       |     2 ||     2
 Invoke: Convert to Beogh  |     1 |       |       ||     1
    Use: Scroll            |       |     4 |       ||     4
 Armour: Robe              |     8 |    11 |    37 ||    56
  Dodge: Dodged            |     3 |     9 |    43 ||    55

Table legend: (Time is in decaauts)
 A = Elapsed time spent in this place.
 B = Non-inter-level travel time spent in this place.
 C = Inter-level travel time spent in this place.
 D = Time resting spent in this place.
 E = Time spent auto-exploring this place.
 F = Levels seen in this place.
 G = Mean time per level.
                   A        B        C        D        E       F      G
               +--------+--------+--------+--------+--------+-----+--------+
         Total |   5740 |   5646 |     94 |      0 |   4902 |   7 |  820.0 |
       Dungeon |   5740 |   5646 |     94 |      0 |   4902 |   7 |  820.0 |
               +--------+--------+--------+--------+--------+-----+--------+

Top non-repeatable levels by time:
     D:7: 1181 daAuts
     D:5: 1148 daAuts
     D:2: 900 daAuts
     D:4: 804 daAuts
     D:3: 604 daAuts
     D:6: 585 daAuts
     D:1: 514 daAuts
